 Dungeon Crawl Stone Soup version 0.26.1-2-gb8aa6d0cf2 (webtiles) character file.

Game seed: 10007862331608415688

154 Allula97 the Bolt Thrower (level 5, -3/40 HPs)
             Began as a Demonspawn Hunter on Feb 27, 2021.
             Was an Initiate of Ru.
             Killed by nerve-wracking pain
             ... invoked by an orc priest
              (9 damage)
             ... on level 3 of the Dungeon.
             The game lasted 00:09:05 (2034 turns).

Allula97 the Bolt Thrower (Demonspawn Hunter)       Turns: 2034, Time: 00:09:06

Health: -3/40      AC: 11    Str: 13    XL:     5   Next: 13%
Magic:  0/5        EV:  3    Int: 13    God:    Ru [......]
Gold:   64         SH:  5    Dex: 13    Spells: 4/4 levels left

rFire    . . .     SeeInvis .   a - +1 hand crossbow
rCold    . . .     Faith    .   (no shield)
rNeg     . . .     Spirit   +   n - +0 plate armour
rPois    .         Reflect  +   (no helmet)
rElec    .         Harm     .   m - +0 cloak
rCorr    .         Rampage  .   (no gloves)
Will     .....                  (no boots)
Stlth    ..........             g - amulet of reflection
HPRegen  0.13/turn              (no ring)
MPRegen  0.09/turn              (no ring)

@: no status effects
A: claws 1, talons 2, magic shield
a: Renounce Religion


You were on level 3 of the Dungeon.
You worshipped Ru.
Ru was noncommittal.
You visited 1 branch of the dungeon, and saw 3 of its levels.

You collected 64 gold pieces.

Inventory:

Hand Weapons
 a - a +1 hand crossbow (weapon)
Missiles
 d - 27 bolts (quivered ammo)
Armour
 m - a +0 cloak (worn)
 n - a +0 plate armour (worn)
Jewellery
 g - an amulet of reflection (around neck)
Scrolls
 b - a scroll of fear {unknown}
 c - a scroll of magic mapping {unknown}
 e - 2 scrolls of teleportation {unknown}
 f - a scroll of blinking {unknown}
 h - 2 scrolls of enchant weapon {unknown}
 i - 2 scrolls of identify {unknown}
 j - 2 scrolls of remove curse {unknown}
 k - a scroll of noise {unknown}
 l - a scroll of immolation {unknown}
 o - a scroll of enchant armour {unknown}


   Skills:
 * Level 2.8 Fighting
 * Level 4.9 Crossbows
 * Level 1.1 Armour
 * Level 2.1 Dodging
 - Level 0.8 Stealth
 * Level 1.1 Unarmed Combat


You had 4 spell levels left.
You didn't know any spells.
Your spell library contained the following spells:

 Spells                   Type           Power        Failure   Level
 Animate Skeleton         Necr           0%           100%        1
 Apportation              Tloc           0%           100%        1
 Corona                   Hex            0%           100%        1
 Summon Small Mammal      Summ           0%           100%        1


Dungeon Overview and Level Annotations

Branches:
Dungeon (3/15)

Altars:
Dithmenos
Ru


Innate Abilities, Weirdness & Mutations

You have sharp fingernails.
You have razor-sharp toenails.
When hurt, damage is shared between your health and your magic reserves.


Message History

* * * LOW HITPOINT WARNING * * *
Fire: 30 bolts
Press: ? - help, Q - select action Shift-Dir - straight line, f/p - orc priest
Aim: an orc priest, wielding a +0 trident and wearing a +0 leather armour (severely wounded, 65% to hit)
You shoot a bolt. The bolt hits the orc priest.
The orc priest is almost dead.
You block the orc priest's attack.
Fire: 29 bolts
Press: ? - help, Q - select action Shift-Dir - straight line, f/p - orc priest
Aim: an orc priest, wielding a +0 trident and wearing a +0 leather armour (almost dead, 62% to hit)
You shoot a bolt. The bolt hits the orc priest.
The orc priest is almost dead.
The orc priest barely misses you.
Fire: 28 bolts
Press: ? - help, Q - select action Shift-Dir - straight line, f/p - orc priest
Aim: an orc priest, wielding a +0 trident and wearing a +0 leather armour (almost dead, 64% to hit)
You shoot a bolt. The bolt closely misses the orc priest.
The orc priest invokes the aid of Beogh against you.
Pain shoots through your body!
You die...

....... #.##.## .. ...
...... .....(.
..##..####.#.. ....)..
...... ..... ....... .
..... ... ..... . ..
#..# #.# .o.#..#
..##..####.######((....#
................@)()...(
....................#.##
......####..##.##.#.#
.###..####..#.........
..................#.###
####..#####.##.#.##.#
#.............. .
####.######.##.#.## .#
............#


You could see an orc priest.

Vanquished Creatures
  An orc priest (D:3)
  2 adders (D:2)
  3 gnolls (D:2)
  An adder skeleton (D:3)
  3 worms (D:2)
  A dart slug (D:1)
  A leopard gecko (D:1)
  4 orcs
  2 giant cockroaches (D:2)
  3 goblins (D:1)
  9 hobgoblins
  10 jackals
  2 quokkas (D:2)
  2 ball pythons
  5 bats
  2 frilled lizards
  4 kobolds
  5 rats
60 creatures vanquished.

Notes
Turn   | Place    | Note
-------+----------+-------------------------------------------
     0 | D:1      | Allula97 the Demonspawn Hunter began the quest for the Orb.
     0 | D:1      | Reached XP level 1. HP: 16/16 MP: 1/1
    64 | D:1      | Gained mutation: You have sharp fingernails. [demonic
                  | ancestry]
    64 | D:1      | Reached XP level 2. HP: 18/22 MP: 2/2
    71 | D:1      | Reached skill level 4 in Crossbows
   609 | D:2      | Gained mutation: When hurt, damage is shared between your
                  | health and your magic reserves. [demonic ancestry]
   609 | D:2      | Reached XP level 3. HP: 10/28 MP: 3/3
   903 | D:2      | Found a shadowy altar of Dithmenos.
   978 | D:2      | Found a shadowy altar of Dithmenos.
  1179 | D:2      | Gained mutation: You have sharp toenails. [demonic
                  | ancestry]
  1179 | D:2      | Reached XP level 4. HP: 30/34 MP: 2/4
  1944 | D:3      | Found a sacrificial altar of Ru.
  1952 | D:3      | Became a worshipper of Ru the Awakened
  2018 | D:3      | Reached skill level 1 in Armour
  2028 | D:3      | Reached skill level 1 in Unarmed Combat
  2028 | D:3      | Gained mutation: You have razor-sharp toenails. [demonic
                  | ancestry]
  2028 | D:3      | Reached XP level 5. HP: 10/40 MP: 1/5
  2034 | D:3      | Killed from afar by an orc priest

Illustrated notes

Levels and vault maps discovered:
D:1:      minmay_arrival_three_doors, layout_basic
D:2:      layout_loops_corners, nicolae_dithmenos_shadow_blocks,
          kennysheep_flooded_box
D:3:      layout_basic, nicolae_overflow_crystal_walls, led_xom_imps

Skill      XL: |  1  2  3  4 |
---------------+-------------+-----
Crossbows      | 4 |  4.9
Dodging        | 2 |  2.1
Armour         | 1 |  1.1
Unarmed Combat | 1 |  1.1
Fighting       | |  2.8
Stealth        | |  0.8

Action                   |  1- 3 |  4- 6 || total
-------------------------+-------+-------++-------
Melee: Unarmed           |    62 |    51 ||   113
       Kick              |       |    12 ||    12
 Fire: Hand crossbow     |    58 |    63 ||   121
Armor: Plate armour      |    58 |    63 ||   121
       Leather armour    |     4 |       ||     4
Dodge: Dodged            |    21 |    18 ||    39
Block: Other             |    22 |    17 ||    39
       Reflection        |     2 |       ||     2
